 Dungeon Crawl Stone Soup version 0.29.1-1-gd02db69 (webtiles) character file.

Game seed: 9346758662254234414

248772 Lemonspray55555 the Warrior (level 18, 0/170 HPs)
             Began as a Demigod Fighter on Oct 25, 2022.
             Slain by a goliath frog (14 damage)
             ... on level 1 of the Swamp on Oct 26, 2022.
             The game lasted 02:18:30 (44728 turns).

Lemonspray55555 the Warrior (Demigod Fighter)      Turns: 44728, Time: 02:18:31

Health: 0/170      AC: 42    Str: 46    XL:     18   Next: 19%
Magic:  0/30       EV:  6    Int:  9    God:
Gold:   1281       SH:  0    Dex: 19    Spells: 17/17 levels left

rFire   + + .      SeeInvis .   q - +9 demon whip (flame)
rCold   + + +      Faith    .   Y - +1 tower shield {AC+3}
rNeg    + + +      Spirit   +   f - +14 crystal plate armour "Cos Bos" {rC++ rN+}
rPois   +          Reflect  .   p - +2 hat
rElec   +          Harm     .   M - +2 cloak
rCorr   +          Rampage  +   Q - +2 pair of gloves of Beogh's Grace {rPois Will+}
Will    ++...                   Z - +1 pair of boots {Fly}
Stlth   ..........              z - amulet "Titacin" {Spirit Rampage rC+ rN++ MP+9}
HPRegen 0.38/turn               G - +4 ring of slaying
MPRegen 0.22/turn               s - ring "Cokhoz" {rF+ AC+4 Str+6 Dex+2}

@: confused, resistant, ambrosia-drunk, corroded, flying, studying 2 skills
A: high MP 1, forlorn, divine attributes, fangs 1, hooves 1, agile 1, poison
resistance
}: 2/15 runes: decaying, serpentine
a: no special abilities


You were on level 1 of the Swamp.
You visited 6 branches of the dungeon, and saw 31 of its levels.
You also visited: Bailey, Gauntlet and Ice Cave.

You collected 3861 gold pieces.
You spent 2580 gold pieces at shops.

Inventory:

Hand Weapons
 q - a +9 demon whip of flaming (weapon)
 C - the +4 sling of the Fae God {venom, rElec rC- Str+2 SInv}
   (You found it on level 5 of the Dungeon)

   Any ammunition fired from it poisons the flesh of those it strikes.
   Str:       It affects your strength (+2).
   rC:        It makes you vulnerable to cold.
   rElec:     It insulates you from electricity.
   SInv:      It lets you see invisible.
 R - the +6 spear of Imbalance {venom, rC+ Stlth+}
   (You found it on level 10 of the Dungeon)

   It poisons the flesh of those it strikes.
   rC:        It protects you from cold.
   Stlth:     It makes you more stealthy.
Armour
 f - the +14 crystal plate armour "Cos Bos" (worn) {rC++ rN+}
   (You acquired it on level 5 of the Dungeon)

   rC:        It greatly protects you from cold.
   rN:        It protects you from negative energy.
 p - a +2 hat (worn)
 M - a +2 cloak (worn)
 Q - the +2 pair of gloves of Beogh's Grace (worn) {rPois Will+}
   (You found it on level 9 of the Dungeon)

   rPois:     It protects you from poison.
   Will:      It increases your willpower.
 S - the +3 hat of Pondering {ponderous, Will+ MP+10 Int+5}
   (You took it off Gastronok on level 12 of the Dungeon)

   Int:       It affects your intelligence (+5).
   MP:        It affects your magic capacity (+10).
   Will:      It increases your willpower.
 Y - a +1 tower shield of protection (worn)
 Z - a +1 pair of boots of flying (worn)
Jewellery
 c - the ring of Paranoia {Wiz Drain rElec rPois Str+4}
   (You found it in a Gauntlet)

   [ring of wizardry]

   It improves your spell success rate.
   Str:       It affects your strength (+4).
   rElec:     It insulates you from electricity.
   rPois:     It protects you from poison.
   Drain:     It drains your maximum health when unequipped.
 h - a ring of resist corrosion
 r - the ring of Xooh {Fly rN+ Int+2}
   (You took it off an ogre mage on level 10 of the Dungeon)

   [ring of flight]

   Int:       It affects your intelligence (+2).
   rN:        It protects you from negative energy.
   Fly:       It grants you flight.
 s - the ring "Cokhoz" (right hand) {rF+ AC+4 Str+6 Dex+2}
   (You found it on level 10 of the Dungeon)

   [ring of protection]

   AC:        It affects your AC (+4).
   Str:       It affects your strength (+6).
   Dex:       It affects your dexterity (+2).
   rF:        It protects you from fire.
 z - the amulet "Titacin" (around neck) {Spirit Rampage rC+ rN++ MP+9}
   (You found it on level 10 of the Dungeon)

   [amulet of guardian spirit]

   It causes incoming damage to be divided between your reserves of health and
   magic.
   rC:        It protects you from cold.
   rN:        It greatly protects you from negative energy.
   MP:        It affects your magic capacity (+9).
   Rampage:   It bestows one free step when moving towards enemies.
 G - a +4 ring of slaying (left hand)
 K - an amulet of reflection
 L - the amulet of the Enemy {Acrobat rPois Stlth+}
   (You took it off a naga ritualist on level 3 of the Snake Pit)

   [amulet of the acrobat]

   It increases your evasion while moving and waiting.
   rPois:     It protects you from poison.
   Stlth:     It makes you more stealthy.
 P - a ring of willpower
 W - a ring of magical power
Wands
 m - a wand of roots (51) (quivered)
 t - a wand of digging (11)
 v - a wand of flame (58)
 A - a wand of polymorph (21)
 J - a wand of mindburst (21)
 N - a wand of charming (17)
 O - a wand of quicksilver (31)
Scrolls
 b - 18 scrolls of teleportation
 e - 4 scrolls of identify
 j - 2 scrolls of blinking
 k - 6 scrolls of silence
 u - 5 scrolls of vulnerability
 y - 4 scrolls of poison
 D - 7 scrolls of butterflies
 I - 3 scrolls of magic mapping
 X - 3 scrolls of fear
Potions
 a - 2 potions of invisibility
 d - 7 potions of might
 g - a potion of heal wounds
 i - a potion of berserk rage
 l - 6 potions of mutation
 n - 4 potions of resistance
 o - 17 potions of curing
 w - 2 potions of haste
 B - 2 potions of cancellation
 E - 6 potions of lignification
 F - 2 potions of brilliance
 H - 3 potions of ambrosia
Miscellaneous
 x - a phantom mirror
 T - a box of beasts
 U - a tin of tremorstones (2/2)
 V - a piece from Xom's chessboard (15/15)


   Skills:
 * Level 17.5 Fighting
 - Level 2.9(10.4) Axes
 + Level 15.3(15.4) Maces & Flails
 - Level 0.8(2.0) Polearms
 + Level 0.3 Throwing
 * Level 17.1 Armour
 + Level 1.0 Dodging
 + Level 0.7 Stealth
 + Level 13.5 Shields
 * Level 9.8 Evocations


You had 17 spell levels left.
You didn't know any spells.
Your spell library contained the following spells:

 Spells                   Type           Power      Damage    Failure   Level
 Foxfire                  Conj/Fire      0%         2x1d4     100%        1
 Slow                     Hex            0%         N/A       100%        1
 Summon Small Mammal      Summ           0%         N/A       100%        1
 Ensorcelled Hibernation  Hex/Ice        0%         N/A       100%        2
 Call Canine Familiar     Summ           0%         N/A       100%        3
 Confusing Touch          Hex            0%         N/A       100%        3
 Dazzling Flash           Conj/Hex       0%         N/A       100%        3
 Gell's Gravitas          Tloc           0%         N/A       100%        3
 Inner Flame              Hex/Fire       0%         N/A       100%        3
 Lesser Beckoning         Tloc           0%         N/A       100%        3
 Spider Form              Tmut/Pois      0%         N/A       100%        3
 Summon Guardian Golem    Hex/Summ       0%         N/A       100%        3
 Teleport Other           Tloc           0%         N/A       100%        3
 Tukima's Dance           Hex            0%         N/A       100%        3
 Vampiric Draining        Necr           0%         2d6       100%        3
 Airstrike                Air            0%         2d(0-16)  100%        4
 Anguish                  Hex/Necr       0%         N/A       100%        4
 Cause Fear               Hex            0%         N/A       100%        4
 Corpse Rot               Necr/Pois/Air  0%         N/A       100%        4
 Dispel Undead            Necr           0%         3d6       100%        4
 Fulminant Prism          Conj/Hex       0%         3d6       100%        4
 Hailstorm                Conj/Ice       0%         3d3       100%        4
 Ice Form                 Ice/Tmut       0%         N/A       100%        4
 Iskenderun's Mystic Bla  Conj/Tloc      0%         2d3       100%        4
 Passage of Golubria      Tloc           0%         N/A       100%        4
 Summon Lightning Spire   Summ/Air       0%         N/A       100%        4
 Agony                    Necr           0%         N/A       100%        5
 Lee's Rapid Deconstruct  Erth           0%         3d5*      100%        5
 Lightning Bolt           Conj/Air       0%         1d11      100%        5
 Manifold Assault         Tloc           0%         N/A       100%        5
 Silence                  Hex/Air        0%         N/A       100%        5
 Summon Mana Viper        Hex/Summ       0%         N/A       100%        5
 Yara's Violent Unravell  Hex/Tmut       0%         3d3       100%        5
 Conjure Ball Lightning   Conj/Air       0%         3x3d6     100%        6
 Death Channel            Necr           0%         N/A       100%        6
 Dispersal                Tloc           0%         N/A       100%        6
 Simulacrum               Ice/Necr       0%         N/A       100%        6
 Summon Cactus Giant      Summ           0%         N/A       100%        6
 Haunt                    Necr/Summ      0%         N/A       100%        7
 Storm Form               Tmut/Air       0%         N/A       100%        7
 Borgnjor's Revivificati  Necr           0%         N/A       100%        8
 Discord                  Hex            0%         N/A       100%        8
 Disjunction              Tloc           0%         N/A       100%        8
 Maxwell's Capacitive Co  Air            0%         ∞         100%        8
 Necromutation            Tmut/Necr      0%         N/A       100%        8
 Death's Door             Necr           0%         N/A       100%        9


Dungeon Overview and Level Annotations

Branches:
Dungeon (15/15)            Temple (1/1) D:6            Lair (5/5) D:10
  Swamp (4/4) Lair:2        Snake (4/4) Lair:2        Slime (0/5) Lair:5
    Orc (2/2) D:11            Elf (0/3) Orc:2        Vaults (0/5) D:13
 Depths (0/4) D:15         Bailey (visited)           IceCv (visited)
Gauntlet (visited)

Shops:
Orc:2 ?!(*   Snake:1 =   Snake:2 :   Snake:3 =:=

Annotations:
D:11 exclusion: 4 oklob plants
Swamp:1 1 transporter, Jonnyslop's ghost, journeyman GrFi


Innate Abilities, Weirdness & Mutations

You have an increased reservoir of magic. (+10% MP)
You shall have no god before yourself.
Your divine heritage dramatically boosts your attributes as you level up.
You have very sharp teeth.
You have large cloven feet.
You are agile. (Dex +4, Str/Int -1)
Your system is resistant to poisons. (rPois)


Message History

You block the goliath frog's attack. x3
The goliath frog hits you but does no damage.
You block the goliath frog's attack.
Aiming: Fastroot
Press: ? - help, Shift-Dir - straight line, f - goliath frog
Aim: a goliath frog (berserk)
The roots erupt in riotous growth!
Roots grab the goliath frog. x3
The grasping roots constrict the goliath frog.
The grasping roots constrict the goliath frog! x2
The goliath frog hits you but does no damage.
The goliath frog hits you from afar!!
* * * LOW HITPOINT WARNING * * *
You are splashed with acid!
* * * LOW HITPOINT WARNING * * *
The goliath frog struggles to escape constriction.
You block the goliath frog's attack.
The goliath frog hits you but does no damage.
You feel much better.
The grasping roots constrict the goliath frog! x3
You block the goliath frog's attack. x2; The goliath frog escapes!
You feel protected.
The grasping roots constrict the goliath frog!
The grasping roots constrict the goliath frog.
The tyrant leech is no longer berserk.
You block the goliath frog's attack. The goliath frog hits you from afar.
* * * LOW HITPOINT WARNING * * *
You are splashed with acid.
You resist.
* * * LOW HITPOINT WARNING * * *
You block the goliath frog's attack. The goliath frog hits you from afar!
* * * LOW HITPOINT WARNING * * *
The acid corrodes you!
You are splashed with acid.
You resist.
* * * LOW HITPOINT WARNING * * *
You are confused.
You feel invigorated.
The grasping roots constrict the goliath frog! x2
The roots release their grip on the goliath frog. x2
The goliath frog hits you but does no damage.
The goliath frog barely misses you. The goliath frog hits you from afar!!
You die...

♣♣♣~§~♣♣♣♣♣♣
♣)~~~~~..~~♣♣
.~~)~~~..♣..♣♣
.~[~~~~~.♣...♣♣
.~)~~...~♣~~~~♣♣♣♣♣♣
....~~.............♣♣
...~...####.©.####..♣
.....###..#####..##.♣♣
>.~.##..#$:?wwF.@.#..♣
♣.~.#....###=FF##.##.♣
♣~~.##.#.....#.....#.♣
♣§~..#...#..©..##..#.♣
♣♣♣~.#..##..#......#.♣
♣~.#....#...#...##.♣
♣~.##...§..#.!.©#..♣
♣♣..##.###y.#####.♣♣
♣♣♣...###©####.....♣


You could see 2 tyrant leeches and 3 goliath frogs.

Vanquished Creatures
  Vashnia (Snake:2)
  Rupert (D:15)
  A tentacled monstrosity (Swamp:3)
  Kirke (D:12)
  Gastronok (D:12)
  A fenstrider witch (Swamp:3)
  7 nagarajas
  An orc warlord (Orc:2)
  7 eleionomae
  Azrael (D:12)
  5 bunyips
  A minotaur (Gauntlet)
  2 blizzard demons (IceCv)
  Snorg (D:10)
  2 shambling mangroves
  A fire dragon (Lair:5)
  6 boulder beetles
  A salamander tyrant (Snake:4)
  A rakshasa (D:15)
  28 hydras
  A ghost crab (Swamp:3)
  An ogre mage (D:10)
  2 spriggan air magi
  11 anacondas
  8 centaur warriors
  18 naga warriors
  7 two-headed ogres
  4 tengu warriors
  12 alligators
  4 shock serpents
  8 naga sharpshooters
  An orc high priest (Orc:2)
  5 goliath frogs
  3 skeletal warriors (D:15)
  8 salamander mystics
  6 spriggan druids
  An obsidian statue (IceCv)
  4 wizards
  13 swamp dragons
  7 bog bodies
  2 spriggan simulacra (IceCv)
  A deep elf archer (D:13)
  A lindwurm (Lair:5)
  A necromancer (D:15)
  15 naga ritualists
  7 orc knights
  4 manticores
  2 deep elf zephyrmancers
  4 deep elf pyromancers
  3 orc sorcerers
  9 salamanders
  6 cyclopes
  12 ugly things
  An oklob plant (Gauntlet)
  11 mana vipers
  4 will-o-the-wisps
  20 elephants
  11 naga magi
  42 black mambas
  10 guardian serpents
  An apocalypse crab (Gauntlet)
  A centaur zombie (D:15)
  10 cane toads
  2 molten gargoyles (Lair:5)
  An unseen horror (D:11)
  4 gargoyles (D:8)
  An anaconda simulacrum (IceCv)
  A rime drake (Lair:5)
  A redback zombie (D:15)
  3 yaktaurs (D:13)
  4 kobold demonologists
  2 efreet
  12 komodo dragons
  6 ice devils (IceCv)
  2 tengu conjurers
  3 freezing wraiths (IceCv)
  A queen bee (shapeshifter) (D:10)
  11 trolls
  3 polar bears (Lair:4)
  A queen bee (D:11)
  A bloated husk (Swamp:3)
  12 hornets
  6 tyrant leeches
  A raiju (Gauntlet)
  11 slime creatures
  12 saltlings (Orc:2)
  6 dream sheep (Lair:5)
  11 blink frogs
  Sigmund (D:4)
  12 spriggans
  3 fire elementals (D:12)
  2 shadows (D:11)
  6 wyverns
  6 basilisks
  2 vampires (D:11)
  2 dire elephant simulacra (IceCv)
  5 wraiths
  24 yaks
  5 steam dragons
  3 harpy simulacra (IceCv)
  22 vampire mosquitoes
  10 minotaur simulacra (IceCv)
  4 wargs
  Menkaure (D:5)
  A naga (shapeshifter) (D:13)
  21 swamp worms
  56 nagas
  2 acid dragons
  13 water moccasins
  5 hell hounds
  A hydra simulacrum (IceCv)
  8 swamp drakes
  An ettin simulacrum (IceCv)
  21 orc warriors
  2 black bears
  3 alligator simulacra (IceCv)
  An ice beast (D:7)
  A sky beast (shapeshifter) (D:15)
  6 ogres
  2 boggarts
  A tengu (shapeshifter) (D:15)
  25 wolves
  37 centaurs
  9 kobold brigands
  3 phantoms (D:11)
  3 bullfrogs
  2 necrophages
  A scorpion (D:6)
  11 deep troll simulacra (IceCv)
  12 wights
  3 troll zombies (D:11)
  42 killer bees
  A crimson imp (D:3)
  6 howler monkeys
  5 lava snakes (Lair:5)
  5 hounds
  13 jellies
  14 orc priests
  Ijyb (D:3)
  Terence (D:2)
  4 iguanas
  17 orc wizards
  A boggart skeleton (D:15)
  3 ogre zombies (D:11)
  5 gnolls
  6 adders
  2 shadow imps
  A howler monkey simulacrum (D:10)
  An ufetubus (D:5)
  4 dart slugs
  83 orcs
  4 ball pythons
  13 endoplasms
  2 giant cockroaches
  8 goblins
  7 hobgoblins
  5 quokkas
  4 bats
  5 frilled lizards
  2 goblin skeletons (D:11)
  A goblin zombie (D:11)
  A hobgoblin skeleton (D:11)
  3 hobgoblin zombies (D:11)
  25 kobolds
  5 orc skeletons (D:11)
  7 orc zombies (D:11)
  9 rats
  10 briar patches (Lair:1)
  13 pillars of salt (Orc:2)
1188 creatures vanquished.

Vanquished Creatures (collateral kills)
  Mara (Snake:4)
  A nagaraja (Snake:3)
  A salamander tyrant (Snake:3)
  A naga warrior (Snake:4)
  A naga ritualist (Snake:3)
  A naga mage (Snake:4)
6 creatures vanquished.

Vanquished Creatures (others)
  5 bloated husks
  A wyvern (Lair:5)
  4 humans (D:12)
  A sky beast (D:6)
  An orc (D:13)
  A briar patch (Lair:1)
  30 foxfires
  25 fungi
  8 pillars of salt (Orc:2)
  39 plants
115 creatures vanquished.

Grand Total: 1309 creatures vanquished

Notes
Turn   | Place    | Note
-------+----------+-------------------------------------------
     0 | D:1      | Lemonspray55555 the Demigod Fighter began the quest for the
                  | Orb.
     0 | D:1      | Reached XP level 1. HP: 18/18 MP: 3/3
   407 | D:1      | Reached XP level 2. HP: 25/25 MP: 4/4
   809 | D:1      | Reached XP level 3. HP: 26/30 MP: 5/5
  1767 | D:2      | You fall into a shaft and drop 2 floors!
  1952 | D:4      | Reached XP level 4. HP: 37/37 MP: 6/6
  2377 | D:4      | Noticed Sigmund
  2383 | D:4      | Killed Sigmund
  2384 | D:4      | Reached skill level 1 in Maces & Flails
  2384 | D:4      | Reached XP level 5. HP: 45/45 MP: 7/7
  2844 | D:3      | Noticed Ijyb
  2858 | D:3      | Killed Ijyb
  2859 | D:3      | Reached skill level 1 in Dodging
  2859 | D:3      | Reached XP level 6. HP: 35/51 MP: 8/8
  3800 | D:2      | Noticed Terence
  3810 | D:2      | Killed Terence
  4206 | D:5      | Entered Level 5 of the Dungeon
  4848 | D:5      | Identified a scroll of acquirement
  4850 | D:5      | Acquired the +14 crystal plate armour "Cos Bos" {rC++ rN+}
  4879 | D:5      | Noticed Menkaure
  4889 | D:5      | Reached XP level 7. HP: 38/59 MP: 9/9
  4889 | D:5      | Killed Menkaure
  5132 | D:5      | Identified the +4 sling of the Fae God {venom, rElec rC-
                  | Str+2 SInv}
  5466 | D:5      | Reached skill level 5 in Armour
  5630 | D:6      | Found a staircase to the Ecumenical Temple.
  6133 | D:6      | Reached skill level 5 in Maces & Flails
  6133 | D:6      | Reached XP level 8. HP: 65/67 MP: 10/10
  6417 | D:6      | Reached skill level 5 in Fighting
  8077 | D:8      | Reached XP level 9. HP: 72/75 MP: 11/11
  9009 | D:8      | Noticed a gargoyle
  9012 | D:8      | Killed a gargoyle
  9124 | D:8      | Noticed a gargoyle
  9128 | D:8      | Killed a gargoyle
  9150 | D:8      | Noticed a gargoyle
  9156 | D:8      | Killed a gargoyle
  9279 | D:8      | Noticed a gargoyle
  9283 | D:8      | Killed a gargoyle
  9677 | D:9      | Noticed a two-headed ogre
  9682 | D:9      | Killed a two-headed ogre
  9683 | D:9      | Reached XP level 10. HP: 82/84 MP: 13/13
 10088 | D:9      | Identified the +2 pair of gloves of Beogh's Grace {rPois
                  | Will+}
 10302 | D:10     | Entered Level 10 of the Dungeon
 10302 | D:10     | Noticed Snorg
 10310 | D:10     | Killed Snorg
 10342 | D:10     | Found a flagged portal.
 10350 | D:10     | Identified the +6 spear of Imbalance {venom, rC+ Stlth+}
 10355 | Bailey   | Entered a bailey
 10378 | Bailey   | Reached skill level 5 in Shields
 12065 | D:10     | Acquired 597 gold pieces
 12110 | D:10     | Noticed a two-headed ogre
 12117 | D:10     | Killed a two-headed ogre
 12118 | D:10     | Reached skill level 1 in Evocations
 12156 | D:10     | Found a staircase to the Lair.
 12465 | D:10     | Found a runed translucent door.
 12482 | D:10     | Reached XP level 11. HP: 83/94 MP: 14/14
 12531 | D:10     | Found a runed translucent door.
 12642 | D:10     | Noticed a tengu warrior
 12642 | D:10     | Noticed a wizard
 12650 | D:10     | Killed a tengu warrior
 12651 | D:10     | Reached skill level 10 in Maces & Flails
 12651 | D:10     | Identified the ring of Xooh {Fly rN+ Int+2}
 12651 | D:10     | Noticed an ogre mage
 12668 | D:10     | Killed a wizard
 12668 | D:10     | Noticed a six-headed hydra
 12674 | D:10     | Killed a six-headed hydra
 12683 | D:10     | Killed an ogre mage
 12884 | D:10     | Identified the amulet of the Shining Light {Spirit rPois}
 12966 | D:10     | Identified the ring "Cokhoz" {rF+ AC+4 Str+6 Dex+2}
 12973 | D:10     | Identified the amulet "Titacin" {Spirit Rampage rC+ rN++
                  | MP+9}
 13217 | D:11     | Found a gate leading to a gauntlet.
 13223 | Gauntlet | Entered a Gauntlet
 13223 | Gauntlet | Found a transporter.
 13223 | Gauntlet | Found a transporter.
 13223 | Gauntlet | Found a runed translucent door.
 13268 | Gauntlet | Found a runed translucent door.
 13278 | Gauntlet | Found a transporter.
 13282 | Gauntlet | Found a transporter.
 13289 | Gauntlet | Found a runed translucent door.
 13292 | Gauntlet | Found a transporter.
 13294 | Gauntlet | Found a transporter.
 13296 | Gauntlet | Noticed a quicksilver ooze
 13302 | Gauntlet | Found a transporter.
 13318 | Gauntlet | Found a transporter.
 13332 | Gauntlet | Found a transporter.
 13336 | Gauntlet | Found a transporter.
 13344 | Gauntlet | Found a transporter.
 13348 | Gauntlet | Found a transporter.
 13799 | Gauntlet | Noticed a minotaur
 13814 | Gauntlet | Killed a minotaur
 13815 | Gauntlet | Reached skill level 10 in Armour
 14081 | Gauntlet | Identified the ring of Paranoia {Wiz Drain rElec rPois
                  | Str+4}
 14196 | Lair:1   | Entered Level 1 of the Lair of Beasts
 14251 | Lair:1   | Found a transporter.
 14273 | Lair:1   | Found a transporter.
 14274 | Lair:1   | Noticed a boulder beetle
 14292 | Lair:1   | Killed a boulder beetle
 14700 | Lair:1   | Reached XP level 12. HP: 106/106 MP: 15/15
 14994 | Lair:1   | Noticed a four-headed hydra
 15001 | Lair:1   | Killed a four-headed hydra
 15002 | Lair:1   | Reached skill level 10 in Fighting
 15240 | Lair:2   | Found a staircase to the Swamp.
 16175 | Lair:2   | Found a staircase to the Snake Pit.
 16606 | Lair:3   | Noticed a five-headed hydra
 16618 | Lair:3   | Killed a five-headed hydra
 17741 | D:11     | Noticed a boulder beetle
 17762 | D:11     | Killed a boulder beetle
 17816 | D:11     | Noticed a two-headed ogre
 17820 | D:11     | Noticed a two-headed ogre
 17834 | D:10     | Killed a two-headed ogre
 18108 | D:11     | Noticed a boulder beetle
 18129 | D:11     | Killed a boulder beetle
 18256 | D:11     | Reached XP level 13. HP: 116/116 MP: 16/16
 18431 | D:11     | Found a staircase to the Orcish Mines.
 19405 | D:11     | Gained mutation: You have hidden genetic potential. [potion
                  | of mutation]
 19405 | D:11     | Gained mutation: Your system is resistant to poisons.
                  | (rPois) [potion of mutation]
 19405 | D:11     | Gained mutation: You have very sharp teeth. [potion of
                  | mutation]
 19649 | D:12     | Noticed Kirke
 19657 | D:12     | Killed Kirke
 20062 | D:12     | Identified the +1 leather armour "Behaoggi" {rCorr Str+3
                  | Int+6 Stlth-}
 20307 | D:12     | Noticed Gastronok
 20317 | D:12     | Killed Gastronok
 20382 | D:12     | Noticed Azrael
 20401 | D:12     | Killed Azrael
 20946 | Orc:1    | Entered Level 1 of the Orcish Mines
 21339 | Orc:2    | Entered Level 2 of the Orcish Mines
 21339 | Orc:2    | Found a staircase to the Elven Halls.
 22857 | Orc:2    | Found Liomial's General Store.
 22862 | Orc:2    | Bought a scroll of teleportation for 33 gold pieces
 22862 | Orc:2    | Bought a scroll of fear for 44 gold pieces
 22862 | Orc:2    | Bought a scroll of blinking for 82 gold pieces
 22862 | Orc:2    | Bought a scroll of teleportation for 33 gold pieces
 22862 | Orc:2    | Bought a potion of curing for 33 gold pieces
 22888 | Orc:2    | Noticed an orc warlord
 22889 | Orc:2    | Reached XP level 14. HP: 126/129 MP: 17/17
 22936 | Orc:2    | Found Taadeb's Distillery.
 22942 | Orc:2    | Killed an orc warlord
 23084 | Orc:2    | Found Vytitwud's Antique Weapon Shoppe.
 23091 | Orc:2    | Bought a potion of invisibility for 88 gold pieces
 23091 | Orc:2    | Bought a potion of heal wounds for 55 gold pieces
 23091 | Orc:2    | Bought a potion of cancellation for 88 gold pieces
 23091 | Orc:2    | Bought a potion of might for 44 gold pieces
 23091 | Orc:2    | Bought a potion of might for 44 gold pieces
 23226 | Orc:2    | Found Qiumoot's Magic Scroll Shoppe.
 23333 | Orc:2    | Bought a scroll of teleportation for 54 gold pieces
 23333 | Orc:2    | Bought a scroll of enchant armour for 135 gold pieces
 23333 | Orc:2    | Bought a scroll of teleportation for 54 gold pieces
 23333 | Orc:2    | Bought a scroll of enchant weapon for 135 gold pieces
 23333 | Orc:2    | Bought a scroll of magic mapping for 135 gold pieces
 23333 | Orc:2    | Bought a scroll of fear for 72 gold pieces
 23333 | Orc:2    | Bought a scroll of summoning for 171 gold pieces
 23796 | Lair:4   | Gained mutation: You are agile. (Dex +4, Str/Int -1)
                  | [hidden potential]
 24282 | Lair:5   | Entered Level 5 of the Lair of Beasts
 24914 | Lair:5   | Found a staircase to the Slime Pits.
 25280 | Lair:5   | Reached skill level 5 in Evocations
 25338 | Lair:5   | Found a large runed translucent door.
 25360 | Lair:5   | Found a large runed translucent door.
 25883 | Snake:1  | Entered Level 1 of the Snake Pit
 26444 | Snake:1  | Reached XP level 15. HP: 138/139 MP: 18/18
 26631 | Snake:1  | Found Ulauh's One-of-a-Kind Rings.
 27792 | Snake:2  | Gained mutation: You have large cloven feet. [hidden
                  | potential]
 27792 | Snake:2  | Lost mutation: You have hidden genetic potential. [hidden
                  | potential expressed]
 28232 | Snake:2  | Noticed Vashnia
 28254 | Snake:2  | Killed Vashnia
 28512 | Snake:2  | Found Liuqucuss's Book Boutique.
 28595 | Snake:2  | Reached skill level 15 in Fighting
 29525 | Swamp:1  | Entered Level 1 of the Swamp
 30520 | Snake:3  | Found Sesyla's Jewellery Emporium.
 30521 | Snake:3  | Found Weakun's Book Boutique.
 30522 | Snake:3  | Found Witzosul's Jewellery Emporium.
 30862 | Snake:3  | Noticed a nagaraja
 30937 | Snake:3  | Found a transporter.
 30939 | Snake:3  | Identified the amulet of the Enemy {Acrobat rPois Stlth+}
 30948 | Snake:3  | Noticed a nagaraja
 30950 | Snake:3  | Noticed a nagaraja
 31155 | Snake:4  | Entered Level 4 of the Snake Pit
 31750 | Snake:4  | Reached skill level 15 in Armour
 32179 | Snake:4  | Reached XP level 16. HP: 140/149 MP: 19/19
 33575 | Snake:4  | Noticed Mara
 33599 | Snake:4  | Noticed Lemonspray55555's illusion
 33600 | Snake:4  | Killed Mara
 34738 | Snake:4  | Got a serpentine rune of Zot
 35952 | D:13     | Found a gate to the Vaults.
 36224 | D:14     | Found a frozen archway.
 36229 | IceCv    | Entered an ice cave
 36437 | IceCv    | Reached skill level 10 in Shields
 36492 | IceCv    | Identified the +0 leather armour of the Baker {Will+}
 37138 | D:14     | Got the Disquisition on the Coals and Companions
 37712 | D:15     | Entered Level 15 of the Dungeon
 37712 | D:15     | Noticed Rupert
 37726 | D:15     | Killed Rupert
 37750 | D:15     | Reached XP level 17. HP: 97/159 MP: 20/20
 38729 | D:15     | Found a staircase to the Depths.
 38921 | Temple   | Entered the Ecumenical Temple
 39378 | Swamp:1  | Reached skill level 15 in Maces & Flails
 39726 | Swamp:1  | Found a transporter.
 39731 | Swamp:1  | Noticed Jonnyslop's ghost (journeyman GrFi)
 39745 | Swamp:1  | Found a transporter.
 40866 | Snake:3  | Got the Omnibus of Productive Orientation
 40898 | Snake:3  | Found a transporter.
 41033 | Snake:2  | Bought a manual of Shields for 1280 gold pieces
 42428 | Swamp:3  | Noticed a tentacled monstrosity
 42436 | Swamp:3  | Killed a tentacled monstrosity
 42956 | Swamp:4  | Entered Level 4 of the Swamp
 43657 | Swamp:4  | Reached XP level 18. HP: 170/170 MP: 21/21
 44319 | Swamp:4  | Got a decaying rune of Zot
 44339 | Swamp:4  | Identified the +1 leather armour "Raudiush" {rC+}
 44725 | Swamp:1  | HP: 7/170 [acid (7)]
 44728 | Swamp:1  | Slain by a goliath frog

Illustrated notes

Levels and vault maps discovered:
D:1:      kennysheep_arrival_forest, layout_basic,
          chequers_ecumenical_altar_island, st_stairs_7, dk_noncrumbling_3,
          nicolae_grassy_gnolls
D:2:      minmay_general_purpose_star, layout_basic, uniq_terence
D:3:      layout_loops_ring, grunt_temple_overflow_champion_of_chaos,
          mainiacjoe_overflow_cross_hatched,
          chequers_temple_overflow_minitemple, uniq_ijyb
D:4:      layout_loops_cross, grunt_decor_resistance, uniq_sigmund
D:5:      layout_basic, uniq_menkaure
D:6:      layout_loops_corners, minmay_temple_entry_tees, lemuel_flamethrower_2
D:7:      layout_rooms
D:8:      cheibrodos_statue_roulette, layout_basic,
          mainiacjoe_overflow_small_starburst
D:9:      layout_basic
D:10:     minmay_the_grid_triangle_9x9_rhombus_thin_mashed
          [minmay_the_grid_triangle_9x9_longest,
          minmay_the_grid_triangle_9x9_prize_special,
          minmay_the_grid_triangle_9x9_tough_junction,
          minmay_the_grid_triangle_9x9_minimal], layout_rooms,
          nicolae_gozag_cash_rules_everything_around_me, david_lair_shrubbed,
          enter_bailey_2, dk_rats_in_the_wall, uniq_snorg
D:11:     hangedman_what_comes_after_a, layout_irregular_city,
          zombieorc1_lemuel, gauntlet_entry_generic
D:12:     layout_basic, uniq_kirke, uniq_azrael, uniq_gastronok
D:13:     layout_basic, hangedman_vaults_entry_quadrant_bands,
          nemelex_altar_shiori
D:14:     layout_irregular_city, minivault_24, portal_ice_cave_entry_pillars_2,
          led_sif_pool
D:15:     grunt_enter_depths_magical_seal, layout_rooms, uniq_rupert
Temple:   hellmonk_temple_flake
Lair:1:   gammafunk_worm_tunnel, layout_regular_city,
          nzn_masters_of_martial_movement
Lair:2:   layout_regular_city, minmay_swamp_entry_swarm, dummy_snake_entry,
          dreamdust_mushroom_princess
Lair:3:   layout_cave_pods
Lair:4:   layout_long_grid, grunt_megastairs_3
Lair:5:   cheibrodos_lair_end_hotspot, layout_misc_corridors,
          minmay_slime_entry_jelly_boxes
Swamp:1:  layout_basic_swamp, gammafunk_ghost_berserking_beasts,
          evilmike_swamp_ruin_house_5
Swamp:2:  layout_basic_swamp, nicolae_swamp_fairy_circle
Swamp:3:  nicolae_swamp_long_stream, layout_basic_swamp,
          hangedman_swamp_ruin_hall, swamp_pool1,
          nicolae_swamp_feature_on_the_river_bank
Swamp:4:  swamp_alternative, layout_basic_swamp, swamp_pool5, lightli_tree_ring
Snake:1:  layout_chambers, nicolae_shop_unique_rings, grunt_megastairs_5
Snake:2:  layout_cave_pods, nicolae_triple_integral, minmay_shop_star,
          uniq_vashnia
Snake:3:  gammafunk_sealed_library, layout_gridlike, serial_bayou_shore_b,
          minmay_shop_grove
Snake:4:  minmay_snake_end_coiled, layout_cave_town, uniq_mara
Orc:1:    layout_diamond_mine
Orc:2:    hellmonk_orc_salted, layout_diamond_mine

Skill      XL: |  1  2  3  4  5  6  7  8  9 10 11 12 13 14 15 16 17 18 |
---------------+-------------------------------------------------------+-----
Armour         | 3 4 5 6 7 9 10 11 13 15 16 17 | 17.1
Shields        | 3 4 5 7 9 10 13 | 13.5
Axes           | 2 |  2.9
Fighting       | 3 4 5 6 8 9 11 13 14 15 16 17 | 17.5
Maces & Flails | 1 3 5 6 8 9 11 12 13 14 15 | 15.3
Dodging        | 1 |  1.0
Evocations     | 1 2 3 5 7 8 9 |  9.8
Polearms       | |  0.8
Throwing       | |  0.3
Stealth        | |  0.7

Action                   |  1- 3 |  4- 6 |  7- 9 | 10-12 | 13-15 | 16-18 || total
-------------------------+-------+-------+-------+-------+-------+-------++-------
Melee: War axe           |   115 |       |       |       |       |       ||   115
       Demon whip        |     7 |   110 |   273 |   545 |  1314 |  1219 ||  3468
       Spear             |       |       |       |    49 |       |       ||    49
       Punch             |       |       |       |     4 |     1 |       ||     5
       Bite              |       |       |       |       |   170 |   178 ||   348
Throw: Javelin           |       |       |       |     3 |       |       ||     3
Evoke: Wand              |       |     2 |       |    15 |     1 |     9 ||    27
  Use: Scroll            |       |     8 |     8 |    11 |    13 |     9 ||    49
       Potion            |       |     1 |       |     1 |     2 |    13 ||    17
 Stab: Distracted        |       |       |       |       |       |     1 ||     1
       Confused          |       |       |       |       |       |     1 ||     1
Armor: Scale mail        |    50 |       |       |       |       |       ||    50
       Plate armour      |       |    40 |       |       |       |       ||    40
       Crystal plate arm |       |     1 |   150 |   427 |   744 |   992 ||  2314
       Skin              |       |     1 |       |       |       |       ||     1
Dodge: Dodged            |    55 |    42 |    31 |   141 |   209 |   239 ||   717
Block: Buckler           |    31 |    28 |    41 |    67 |       |       ||   167
       Reflection        |       |       |       |     3 |       |       ||     3
       Kite shield       |       |       |       |       |   372 |       ||   372
       Tower shield      |       |       |       |       |   246 |  1197 ||  1443
